 Dungeon Crawl Stone Soup version 0.28-a0-691-gad6df49e81 (webtiles) character file.

Game seed: 2001100057568297925

10908 KoroneIsBestGirl the Frost Mage (level 11, -5/84 HPs)
             Began as a Barachi Ice Elementalist on Oct 21, 2021.
             Was an Initiate of Gozag.
             Slain by a two-headed ogre (9 damage)
             ... on level 11 of the Dungeon.
             The game lasted 00:22:58 (17253 turns).

KoroneIsBestGirl the Frost Mage (BaIE)             Turns: 17253, Time: 00:22:59

Health: -5/84      AC: 21    Str:  9    XL:     11   Next: 69%
Magic:  6/24       EV:  5    Int: 22    God:    Gozag
Gold:   880        SH: 12    Dex: 19    Spells: 17/28 levels left

rFire   . . .      SeeInvis +   G - +1 falchion (vorpal)
rCold   . . .      Faith    .   M - +0 kite shield
rNeg    + . .      Spirit   .   P - +6 chain mail of the Solstice {*Slow rPois rN+}
rPois   +          Reflect  .   Q - +2 helmet {Int+3}
rElec   .          Harm     .   n - +2 cloak
rCorr   .          Rampage  .   (no gloves)
Will    .....                   (no boots)
Stlth   ..........              J - amulet of the acrobat
HPRegen 0.24/turn               k - ring of see invisible
MPRegen 0.19/turn               y - +6 ring of dexterity

@: freezing walls, very slightly contaminated, slow
A: amphibious, slowness 1, strong legs 1, +LOS
a: Hop, Renounce Religion, Potion Petition, Call Merchant, Bribe Branch


You were on level 11 of the Dungeon.
You worshipped Gozag.
Gozag was pleased with you.
You visited 2 branches of the dungeon, and saw 13 of its levels.

You collected 1472 gold pieces.
You paid 592 gold pieces to Gozag.

Inventory:

Hand Weapons
 b - a +0 club
 f - a +2 whip of freezing
 o - a +2 quarterstaff of chaos
 G - a +1 vorpal falchion (weapon)
Missiles
 e - a throwing net
Armour
 a - a +0 robe
 n - a +2 cloak (worn)
 M - a +0 kite shield (worn)
 P - the +6 chain mail of the Solstice (worn) {*Slow rPois rN+}
   (You took it off an orc warrior on level 9 of the Dungeon)

   rPois:     It protects you from poison.
   rN:        It protects you from negative energy.
   *Slow:     It may slow you when you take damage.
 Q - a +2 helmet of intelligence (worn)
Jewellery
 k - a ring of see invisible (left hand)
 y - a +6 ring of dexterity (right hand)
 D - a ring of positive energy
 J - an amulet of the acrobat (around neck)
Wands
 p - a wand of iceblast (8)
 v - a wand of paralysis (5)
 x - a wand of flame (47)
 C - a wand of acid (7)
Scrolls
 g - a scroll of acquirement {unknown}
 j - 3 scrolls of amnesia
 l - a scroll of brand weapon
 m - 3 scrolls of blinking
 q - 2 scrolls of immolation
 r - 2 scrolls of noise
 t - a scroll of teleportation
 w - 2 scrolls of vulnerability
 A - 2 scrolls of fog
 H - a scroll of enchant armour
 I - a scroll of magic mapping {unknown}
 L - a scroll of silence {unknown}
 N - 2 scrolls of identify
 O - a scroll of summoning {unknown}
 R - a scroll of fear {unknown}
Potions
 c - 2 potions of flight {unknown}
 d - a potion of degeneration {unknown}
 h - 5 potions of heal wounds {unknown}
 i - 4 potions of resistance {unknown}
 s - 8 potions of curing {unknown}
 u - 2 potions of haste {unknown}
 z - 2 potions of invisibility {unknown}
 B - 2 potions of lignification {unknown}
 E - 2 potions of ambrosia
 F - a potion of magic {unknown}
 K - 4 potions of brilliance {unknown}
 S - 2 potions of attraction {unknown}


   Skills:
 - Level 7.1 Fighting
 + Level 4.1 Armour
 - Level 10.0 Dodging
 - Level 1.7 Stealth
 * Level 8.5 Shields
 - Level 9.0 Spellcasting
 - Level 11.1 Ice Magic


You had 17 spell levels left.
You knew the following spells:

 Your Spells              Type           Power      Damage    Failure   Level
a - Freeze                Ice            100%       1d11      13%         1
b - Frozen Ramparts       Ice            100%       1d12      36%         3
c - Summon Hydra          Summ           4%         N/A       100%        7

Your spell library contained the following spells:

 Spells                   Type           Power      Damage    Failure   Level
 Ozocubu's Armour         Ice            56%        N/A       36%         3
 Animate Skeleton         Necr           18%        N/A       100%        1
 Apportation              Tloc           18%        N/A       100%        1
 Pain                     Necr           36%        1d5       100%        1
 Slow                     Hex            9%         N/A       100%        2
 Confusing Touch          Hex            9%         N/A       100%        3
 Vampiric Draining        Necr           4%         2d6       100%        3
 Hailstorm                Conj/Ice       34%        3d9       100%        4
 Agony                    Necr           9%         N/A       100%        5
 Alistair's Intoxication  Tmut/Pois      6%         N/A       100%        5
 Excruciating Wounds      Necr           4%         N/A       100%        5
 Summon Forest            Summ/Tloc      4%         N/A       100%        5
 Eringya's Noxious Bog    Tmut/Pois      4%         N/A       100%        6
 Invisibility             Hex            4%         N/A       100%        6


Dungeon Overview and Level Annotations

Branches:
Dungeon (12/15)            Temple (1/1) D:5            Lair (0/6) D:10
    Orc (0/2) D:9

Altars:
Ashenzari
Dithmenos
Elyvilon
Gozag
Hepliaklqana
Kikubaaqudgha
Nemelex Xobeh
Okawaru
Qazlal
Ru
Uskayaw
Xom
Yredelemnul
Zin
The Shining One
Beogh

Shops:
D:5 =   D:10 [(

Portals:
Trove: D:11 (give 6 scrolls of blinking)

Annotations:
D:5 Grinder
D:7 2 transporters, ytrimaz's ghost, novice OpFi


Innate Abilities, Weirdness & Mutations

You are amphibious.
You cover ground slowly.
You can hop short distances.
You have an extended range of vision and can be seen from far away.


Message History

Unknown command.
Casting: Frozen Ramparts (dangerous; 36% risk of failure)
Confirm with . or Enter, or press ? or * to list all spells.
Casting: Frozen Ramparts (dangerous; 36% risk of failure)
Press: ? - help, Dir - look around, f - activate A stone staircase leading down, spattered with blood.
You miscast Frozen Ramparts.
Nothing appears to happen.
Unknown command.
Casting: Frozen Ramparts (dangerous; 36% risk of failure)
Confirm with . or Enter, or press ? or * to list all spells.
Casting: Frozen Ramparts (dangerous; 36% risk of failure)
Press: ? - help, Dir - look around, f - activate A stone staircase leading down, spattered with blood.
You miscast Frozen Ramparts.
Nothing appears to happen.
The two-headed ogre barely misses you.
The two-headed ogre hits you with a +0 giant club.
Okay, then.
Casting: Frozen Ramparts (dangerous; 36% risk of failure)
Confirm with . or Enter, or press ? or * to list all spells.
Casting: Frozen Ramparts (dangerous; 36% risk of failure)
Press: ? - help, Dir - look around, f - activate A stone staircase leading down, spattered with blood.
The walls around you are covered in ice.
The wall freezes the two-headed ogre!
The two-headed ogre hits you with a +0 giant club!
* * * LOW HITPOINT WARNING * * *
The two-headed ogre barely misses you.
Casting: Frozen Ramparts (dangerous; 36% risk of failure)
Confirm with . or Enter, or press ? or * to list all spells.
Aiming: Freeze (safe; 13% risk of failure)
Press: ? - help, Shift-Dir - straight line, f - two-headed ogre
Aim: a two-headed ogre, wielding two +0 giant clubs (lightly wounded)
You freeze the two-headed ogre!
The two-headed ogre is moderately wounded.
The wall freezes the two-headed ogre.
The two-headed ogre hits you with a +0 giant club!
* * * LOW HITPOINT WARNING * * *
The two-headed ogre hits you with a +0 giant club!
You die...
Your body crumbles into a pile of gold.

#.# #.# #
#.# ##.
#.## #..
#..# #.#
##.# #.#
#.# #O#
#.# #@#
#.# ###<#
#.# #...#
#.## #.###
#..#
#####.###
#.# ##.#
....>...#
#.# ###.##
........
###.######
#.....
.......
#........#
#.....
.....B
#........#
#.....


You could see a two-headed ogre.

Vanquished Creatures
  The ghost of Dittersdorf the Protected, a journeyman GrFi of Okawaru (D:9)
  3 two-headed ogres
  Maurice (D:8)
  Joseph (D:7)
  A cane toad (shapeshifter) (D:9)
  A vampire (D:10)
  A shadow (D:10)
  Eustachio (D:4)
  A wyvern (D:8)
  7 yaks
  3 steam dragons
  2 vampire mosquitoes (D:10)
  A water moccasin (D:6)
  An acid dragon (D:10)
  12 orc warriors
  A black bear (D:6)
  2 ice beasts (D:7)
  5 sky beasts
  2 ogres
  A necrophage (D:5)
  7 centaurs
  A kobold brigand (D:8)
  A wyvern zombie (D:6)
  A bullfrog (D:6)
  4 scorpions
  14 killer bees
  3 howler monkeys (D:7)
  3 wights (D:8)
  5 centaur zombies
  A hound (D:4)
  An orc priest (D:9)
  A bullfrog skeleton (D:7)
  2 jellies
  Crazy Yiuf (D:2)
  Ijyb (D:5)
  3 iguanas
  10 orc wizards
  Terence (D:1)
  2 killer bee zombies
  A hound skeleton (D:2)
  A howler monkey zombie (D:5)
  8 gnolls
  5 adders
  A shadow imp (D:8)
  A white imp (D:6)
  An ufetubus (D:5)
  4 worms
  2 dart slugs
  50 orcs
  5 ball pythons
  3 bats
  7 endoplasms
  3 giant cockroaches
  6 goblins
  5 hobgoblins
  9 jackals (D:4)
  16 kobolds
  2 quokkas
  2 frilled lizards
  8 rats
  A spectral hobgoblin (D:2)
251 creatures vanquished.

Vanquished Creatures (others)
  A shadow imp (D:7)
  3 plants (D:11)
4 creatures vanquished.

Grand Total: 255 creatures vanquished

Notes
Turn   | Place    | Note
-------+----------+-------------------------------------------
     0 | D:1      | KoroneIsBestGirl the Barachi Ice Elementalist began the
                  | quest for the Orb.
     0 | D:1      | Reached XP level 1. HP: 13/13 MP: 3/3
   384 | D:1      | Reached skill level 5 in Ice Magic
   384 | D:1      | Reached XP level 2. HP: 19/19 MP: 1/5
  1544 | D:2      | Reached XP level 3. HP: 23/24 MP: 7/7
  1558 | D:2      | Learned a level 3 spell: Frozen Ramparts
  1614 | D:2      | Noticed Terence
  1626 | D:1      | Killed Terence
  2005 | D:2      | Reached XP level 4. HP: 23/30 MP: 2/8
  2237 | D:2      | Found a faded altar of an unknown god.
  2484 | D:2      | Found a runed translucent door.
  2485 | D:2      | Noticed Crazy Yiuf
  2871 | D:2      | Killed Crazy Yiuf
  3386 | D:3      | Reached XP level 5. HP: 35/35 MP: 7/10
  4173 | D:4      | Reached skill level 6 in Ice Magic
  4264 | D:4      | Reached XP level 6. HP: 41/41 MP: 6/12
  4638 | D:4      | Found a stormy altar of Qazlal.
  5333 | D:5      | Entered Level 5 of the Dungeon
  5333 | D:5      | Noticed Eustachio
  5344 | D:4      | Killed Eustachio
  5345 | D:4      | Reached skill level 5 in Dodging
  5345 | D:4      | Reached skill level 7 in Ice Magic
  5345 | D:4      | Reached XP level 7. HP: 16/46 MP: 6/14
  5636 | D:5      | Reached skill level 5 in Spellcasting
  5716 | D:5      | Noticed Ijyb
  5721 | D:5      | Killed Ijyb
  6036 | D:5      | Found Vovys's Jewellery Boutique.
  6186 | D:5      | Noticed Grinder
  6229 | D:6      | Reached XP level 8. HP: 41/52 MP: 6/16
  6323 | D:6      | Reached skill level 8 in Ice Magic
  6973 | D:6      | Reached skill level 1 in Fighting
  7933 | D:5      | Reached skill level 9 in Ice Magic
  7933 | D:5      | Reached XP level 9. HP: 34/62 MP: 12/19
  8106 | D:5      | Found a staircase to the Ecumenical Temple.
  8121 | Temple   | Entered the Ecumenical Temple
  8129 | Temple   | Became a worshipper of Gozag Ym Sagoz the Greedy
  8680 | D:5      | Paralysed by Grinder for 2 turns
  8689 | D:5      | Paralysed by Grinder for 6 turns
  9461 | D:7      | Noticed a hornet
  9464 | D:7      | Noticed ytrimaz's ghost (novice OpFi)
  9623 | D:7      | Found a transporter.
  9628 | D:7      | Found a transporter.
  9671 | D:7      | Noticed Joseph
  9679 | D:7      | Killed Joseph
 10078 | D:7      | Reached skill level 5 in Fighting
 10087 | D:7      | Reached skill level 10 in Ice Magic
 10587 | D:8      | Reached XP level 10. HP: 74/74 MP: 13/21
 10838 | D:8      | Noticed Maurice
 10867 | D:8      | Killed Maurice
 11059 | D:8      | Found a hide-covered altar of Uskayaw.
 11383 | D:8      | HP: 2/69 [wight (2)]
 12135 | D:9      | Found a hazy altar of Hepliaklqana.
 12157 | D:9      | Noticed a two-headed ogre
 12167 | D:9      | Killed a two-headed ogre
 12168 | D:9      | Reached skill level 11 in Ice Magic
 12539 | D:9      | Found a white marble altar of Elyvilon.
 12551 | D:9      | Found a glowing golden altar of the Shining One.
 12551 | D:9      | Found a sacrificial altar of Ru.
 12552 | D:9      | Noticed a cane toad
 12891 | D:9      | Killed a cane toad
 12892 | D:9      | Reached skill level 1 in Shields
 13197 | D:9      | Found a runed translucent gate.
 13197 | D:9      | Found a runed translucent gate.
 13197 | D:9      | Found a runed translucent gate.
 13200 | D:9      | Noticed Dittersdorf's ghost (journeyman GrFi)
 13204 | D:9      | Identified the +6 chain mail of the Solstice {*Slow rPois
                  | rN+}
 13331 | D:9      | Noticed a two-headed ogre
 13336 | D:9      | Reached XP level 11. HP: 81/84 MP: 16/24
 13339 | D:9      | Killed a two-headed ogre
 13340 | D:9      | Reached skill level 10 in Dodging
 13350 | D:9      | Reached skill level 5 in Shields
 13439 | D:9      | Learned a level 7 spell: Summon Hydra
 13450 | D:9      | Found a staircase to the Orcish Mines.
 13580 | D:9      | Killed Dittersdorf's ghost
 13926 | D:10     | Entered Level 10 of the Dungeon
 14297 | D:9      | Reached skill level 1 in Armour
 14697 | D:10     | Found Juiff's Antique Weapon Shop.
 15263 | D:11     | Noticed a boulder beetle
 15523 | D:11     | Noticed a two-headed ogre
 15536 | D:11     | Killed a two-headed ogre
 15772 | D:10     | Found a staircase to the Lair.
 16603 | D:11     | Found a portal to a secret trove of treasure.
 16960 | D:12     | Noticed a cyclops
 16962 | D:12     | Noticed a two-headed ogre
 17253 | D:11     | HP: 4/84 [two-headed ogre (14)]
 17253 | D:11     | Slain by a two-headed ogre

Illustrated notes

Levels and vault maps discovered:
D:1:      sevenhm_arrival_forest_fort_large_2, layout_basic, minivault_27,
          kennysheep_decorative_pillar, roderic_roman_lattice,
          hangedman_glass_teeth
D:2:      layout_rooms, dreamdust_ecumenical_altar_drowned_temple,
          uniq_crazy_yiuf_cottage, uniq_terence
D:3:      minmay_spotlight, layout_basic
D:4:      layout_basic, nicolae_qazlal_eye_of_the_storm
D:5:      layout_basic, minmay_temple_entry_trees, serial_shops,
          kennysheep_mini_moat, uniq_eustachio, uniq_ijyb, uniq_grinder
D:6:      minmay_general_purpose_star, layout_cave_pods
D:7:      layout_cave_pods, gammafunk_ghost_hive, uniq_joseph
D:8:      layout_loops_ring, lemuel_doored_altar, uniq_maurice
D:9:      layout_rooms, grunt_temple_overflow_open, david_orc_4,
          biasface_ghost_orc_armoury, grunt_decor_arrowhead,
          chequers_serial_rivers_marsh, chequers_serial_rivers_small_a,
          moated_statue
D:10:     layout_rooms, lair_entry_dummy, serial_shops, shop
D:11:     layout_roguey [special_room_orc], serial_shops,
          nicolae_shop_overgrown_old_shop, nicolae_trove_entry_diagonal,
          minmay_puff
D:12:     layout_loops_ring, serial_rivers, chequers_serial_rivers_micro_e,
          chequers_serial_rivers_marsh, chequers_serial_rivers_micro_b,
          chequers_serial_rivers_small_b
Temple:   lightli_temple_of_artemis

Skill      XL: |  1  2  3  4  5  6  7  8  9 10 11 |
---------------+----------------------------------+-----
Ice Magic      | 5 6 7 9 10 11 | 11.1
Dodging        | 3 4 5 7 8 9 10 | 10.0
Spellcasting   | 3 4 5 6 7 9 |  9.0
Fighting       | 2 5 7 |  7.1
Shields        | 3 8 |  8.5
Armour         | 4 |  4.1
Stealth        | |  1.7

Action                   |  1- 3 |  4- 6 |  7- 9 | 10-12 || total
-------------------------+-------+-------+-------+-------++-------
Melee: Unarmed           |     3 |       |       |       ||     3
       Whip              |    17 |    33 |       |       ||    50
       Club              |     3 |       |       |       ||     3
       Quarterstaff      |       |    52 |    61 |    48 ||   161
       Falchion          |       |       |       |   116 ||   116
 Cast: Freeze            |    24 |    60 |   110 |   122 ||   316
       Frozen Ramparts   |     2 |    13 |    23 |    20 ||    58
Invok: Call Merchant     |       |       |       |     1 ||     1
 Abil: Hop               |       |     1 |       |     6 ||     7
  Use: Scroll            |       |       |     8 |     2 ||    10
       Potion            |       |       |       |     1 ||     1
 Stab: Sleeping          |     3 |     3 |       |       ||     6
       Confused          |       |       |     1 |       ||     1
       Petrified         |       |       |     4 |       ||     4
       Distracted        |       |       |     1 |     1 ||     2
Armor: Robe              |     9 |    43 |    36 |    31 ||   119
       Chain mail        |       |       |       |   161 ||   161
Dodge: Dodged            |    31 |    96 |   125 |   158 ||   410
Block: Kite shield       |       |       |       |   165 ||   165

Table legend: (Time is in decaauts)
 A = Elapsed time spent in this place.
 B = Non-inter-level travel time spent in this place.
 C = Inter-level travel time spent in this place.
 D = Time resting spent in this place.
 E = Time spent auto-exploring this place.
 F = Levels seen in this place.
 G = Mean time per level.
                   A        B        C        D        E       F      G
               +--------+--------+--------+--------+--------+-----+--------+
         Total |  18683 |  17922 |    761 |   3774 |  11873 |  13 | 1437.2 |
       Dungeon |  18663 |  17918 |    745 |   3774 |  11873 |  12 | 1555.2 |
        Temple |     19 |      3 |     16 |      0 |      0 |   1 |   19.0 |
               +--------+--------+--------+--------+--------+-----+--------+

Top non-repeatable levels by time:
     D:9: 3059 daAuts
     D:6: 2321 daAuts
     D:1: 2129 daAuts
     D:4: 1629 daAuts
     D:5: 1626 daAuts
    D:10: 1564 daAuts
     D:7: 1455 daAuts
     D:2: 1428 daAuts
    D:11: 1263 daAuts
     D:8: 1000 daAuts
     D:3: 881 daAuts
    D:12: 303 daAuts
  Temple: 19 daAuts
